 Dungeon Crawl Stone Soup version 0.22-a0-348-gd16d139 (webtiles) character file.

1149 Kairos the Chopper (level 8, -5/62 HPs)
             Began as a Formicid Fighter on Apr 7, 2018.
             Killed from afar by an orc (23 damage)
             ... with a wand of acid (8)
             ... on level 5 of the Dungeon.
             The game lasted 00:08:47 (3831 turns).

Kairos the Chopper (Formicid Fighter)               Turns: 3831, Time: 00:08:47

Health: -5/62      AC:  3    Str: 20    XL:     8   Next: 65%
Magic:  8/8        EV: 12    Int:  9    God:
Gold:   256        SH: 11    Dex: 18    Spells: 7/7 levels left

rFire    . . .     SeeInvis +   m - +0 broad axe
rCold    . . .     Gourm    .   c - +0 shield
rNeg     . . .     Faith    .   v - +0 leather armour of Gravity {Regen+ Dex+6}
rPois    .         Spirit   .   (helmet unavailable)
rElec    .         Reflect  .   (no cloak)
rCorr    .         Harm     .   (no gloves)
MR       .....                  (no boots)
Stlth    ++........             (no amulet)
HPRegen  0.60/turn              (no ring)
MPRegen  0.11/turn              (no ring)

@: no status effects
A: permanent stasis, dig shafts and tunnels, four strong arms, antennae 3
a: Dig, Shaft Self


You were on level 5 of the Dungeon.
You were not hungry.

You visited 2 branches of the dungeon, and saw 6 of its levels.

You collected 256 gold pieces.

Inventory:

Hand Weapons
 a - a +0 war axe
 l - a cursed -1 whip
 m - a +0 broad axe (weapon)
Armour
 b - a +0 scale mail
 c - a +0 shield (worn)
 v - the +0 leather armour of Gravity (worn) {Regen+ Dex+6}
   (You found it on level 5 of the Dungeon)

   It affects your dexterity (+6).
   It increases your rate of regeneration.
Wands
 j - a wand of flame (43)
 n - a wand of digging (9)
Scrolls
 h - 3 scrolls of teleportation
 i - 3 scrolls of fear
 o - a scroll of noise {unknown}
Potions
 d - 3 potions of might
 e - 5 potions of curing
 k - a potion of berserk rage {unknown}
 p - a potion of brilliance {unknown}
 q - a potion of agility {unknown}
 r - a potion of haste {unknown}
 s - a potion of ambrosia {unknown}
 t - 2 potions of heal wounds
Comestibles
 f - 11 rations


   Skills:
 + Level 5.2 Fighting
 + Level 6.4 Axes
 + Level 5.3 Armour
 + Level 2.4 Dodging
 + Level 0.4 Stealth
 + Level 6.1 Shields


You had 7 spell levels left.
You didn't know any spells.

Dungeon Overview and Level Annotations

Branches:
Dungeon (5/15)             Temple (1/1) D:4

Altars:
Dithmenos
Elyvilon
Fedhas
Gozag
Kikubaaqudgha
Makhleb
Nemelex Xobeh
Qazlal
Ru
Trog
Uskayaw
Wu Jian
Yredelemnul
The Shining One


Innate Abilities, Weirdness & Mutations

You cannot be hasted, slowed, berserked, paralysed or teleported.
You can dig through walls and to a lower floor.
Your four strong arms can wield two-handed weapons with a shield.
You have a pair of large antennae on your head. (SInv)


Message History

A quokka comes into view.
You barely miss the orc priest.
The orc priest looks satisfied for a moment.
The orc priest hits you with a flail!
You slash the orc priest!
You kill the orc priest!
The orc throws a stone.
You block the stone.
The orc zaps a wand.
The bolt of acid hits you!
You are splashed with acid!
The acid burns!
* * * LOW HITPOINT WARNING * * *
It is a wand of acid (8).
Things that are here:
a flail; a glowing hunting sling You are too injured to fight recklessly!
You are too injured to fight recklessly!
You are too injured to fight recklessly!
You are too injured to fight recklessly!
You closely miss the orc. You hit the orc.
The orc zaps a wand.
The bolt of acid hits you!
You die...

................(.. ..
....#######.#.######.#.
....# #.#...##.....# ....# {
#........# .# ....#
.#####.#..# ..# ....# #.#
#.#..#.... ....# #...#
#.#......# ....###
..#.###(#o......
###...###.#...#.@or.........
..............####..........
#####.###.#.#..# #..........
#####.......#..###..........
...######.#.#...##..........
.#.##.......#.#.##........@.
...##.###.###.#.##....$.o...
.####...#.###....# #'#
<.(####.#........###'######


You could see 2 orcs and a quokka.

Vanquished Creatures
  Sigmund (D:5)
  Eustachio (D:5)
  A sky beast (D:5)
  An ogre (D:4)
  A phantom (D:5)
  A centaur (D:5)
  Blork the orc (D:4)
  A scorpion (D:4)
  A howler monkey (D:4)
  A crimson imp (D:5)
  An orc priest (D:5)
  2 hounds (D:4)
  Terence (D:2)
  3 worker ants
  A hound zombie (D:5)
  2 gnolls
  5 adders
  An ooze (D:4)
  2 adder skeletons
  3 worms
  A dart slug (D:4)
  5 leopard geckos
  3 orcs
  2 ball pythons
  2 bats
  4 giant cockroaches
  5 goblins
  7 hobgoblins
  2 jackals (D:2)
  8 kobolds
  A quokka (D:3)
  4 frilled lizards
  A quokka skeleton (D:4)
  3 rats
79 creatures vanquished.

Notes
Turn   | Place    | Note
-------+----------+-------------------------------------------
     0 | D:1      | Kairos the Formicid Fighter began the quest for the Orb.
     0 | D:1      | Reached XP level 1. HP: 18/18 MP: 1/1
    93 | D:1      | Reached XP level 2. HP: 19/24 MP: 2/2
   543 | D:2      | Reached XP level 3. HP: 29/29 MP: 3/3
   885 | D:2      | Noticed Terence
   894 | D:2      | Killed Terence
   894 | D:2      | Reached XP level 4. HP: 27/37 MP: 4/4
  1317 | D:2      | Reached skill level 1 in Dodging
  1502 | D:3      | Found a glowing golden altar of the Shining One.
  1512 | D:3      | Reached XP level 5. HP: 35/42 MP: 5/5
  2232 | D:4      | Noticed an ogre
  2240 | D:4      | Killed an ogre
  2240 | D:4      | Reached XP level 6. HP: 31/48 MP: 6/6
  2306 | D:4      | Found a staircase to the Ecumenical Temple.
  2375 | Temple   | Entered the Ecumenical Temple
  2657 | D:4      | Reached skill level 5 in Shields
  2763 | D:4      | Reached XP level 7. HP: 53/54 MP: 7/7
  2991 | D:5      | Entered Level 5 of the Dungeon
  2993 | D:5      | Noticed Eustachio
  3021 | D:5      | Killed Eustachio
  3021 | D:5      | Reached skill level 5 in Axes
  3294 | D:5      | Reached XP level 8. HP: 29/61 MP: 8/8
  3434 | D:5      | Reached skill level 5 in Armour
  3445 | D:5      | Got a bloodstained leather armour
  3456 | D:5      | Identified the cursed +0 leather armour of Gravity {Regen+ Dex+6} (You found it on level 5 of the Dungeon)
  3465 | D:5      | Noticed Blork the orc
  3465 | D:5      | Noticed Sigmund
  3608 | D:4      | Killed Blork the orc
  3619 | D:5      | Killed Sigmund
  3619 | D:5      | Reached skill level 5 in Fighting
  3831 | D:5      | Killed from afar by an orc

Vault maps used:
D:1:      eino_arrival_tree_alley
D:2:      first_ration, cheibrodos_gnoll_hut, uniq_terence
D:3:      tso_metal_star
D:4:      minmay_temple_entry_fiery, kennysheep_generic_room_2
D:5:      tgw_xom, uniq_eustachio, uniq_blork_the_orc, uniq_sigmund
Temple:   eino_temple_lava

Skill      XL: |  1  2  3  4  5  6  7  8 |
---------------+-------------------------+-----
Shields        | 4 5 6 |  6.1
Dodging        | 1 2 |  2.4
Axes           | 3 4 5 6 |  6.4
Armour         | 4 5 |  5.3
Fighting       | 4 5 |  5.2
Stealth        | |  0.4

Action                   |  1- 3 |  4- 6 |  7- 9 || total
-------------------------+-------+-------+-------++-------
Melee: War axe           |    97 |    20 |       ||   117
       Broad axe         |       |   127 |   107 ||   234
  Use: Scroll            |       |       |     6 ||     6
 Stab: Distracted        |       |       |     1 ||     1
  Eat: Chunk             |       |     4 |     3 ||     7
       Ration            |       |     1 |       ||     1
Armor: Scale mail        |    54 |    43 |    39 ||   136
       Leather armour    |       |       |     2 ||     2
Dodge: Dodged            |    43 |    55 |    57 ||   155
Block: Shield            |    63 |    95 |    68 ||   226

Table legend:
 A = Spawn XP
 B = Non-spawn XP
 C = Spawn XP percentage of total XP
 D = Spawn monster count
 E = Non-spawn monster count
 F = Spawn count percentage of total count
 G = Total turns spent on level
                    A         B        C        D         E        F      G
               +---------+---------+-------+---------+---------+-------+---------
         Total |       0 |    1642 |   0.0 |       0 |      79 |   0.0 |  3831
               +---------+---------+-------+---------+---------+-------+---------
           D:1 |       0 |      26 |   0.0 |       0 |      14 |   0.0 |   507
           D:2 |       0 |      95 |   0.0 |       0 |      20 |   0.0 |   848
           D:3 |       0 |      53 |   0.0 |       0 |      15 |   0.0 |   807
           D:4 |       0 |     538 |   0.0 |       0 |      16 |   0.0 |   879
           D:5 |       0 |     930 |   0.0 |       0 |      14 |   0.0 |   721
               +---------+---------+-------+---------+---------+-------+---------
